Workbook

Sheet Case details
A4: Energy Memo: GLA Consultation
A6: Case details
A7: Date of first review: | B7: 45181
A8: Case Name: | B8: Tottenham Hotspur Stadium
A9: Case Number: | B9: 2023/0586
A10: Case Officer: | B10: Martin Jones
A11: London Borough: | B11: Haringey
A12: Application Type (Outline/Hybrid/Detailed): | B12: S73 Application
A13: Applicant: | B13: Tottenham Hotspur Property Company Limited
A14: Energy Consultant: | B14: Buro Happold
A15: Document Title: | B15: Energy Strategy Addendum
A16: Document Date: | B16: 45140
A18: Development proposals
A19: Use | B19: Floorspace/Number of units
A20: Residential | B20: TBC | C20: units
A21: Hotel | B21: TBC | C21: m²

Sheet Energy Comments
A4: Compliance Schedule - To be completed by the GLA Energy Officer
B6: Policy | C6: Policy Sub-Area | D6: Required Data (In line with EAG) | E6: Status | F6: Policy Compliance | G6: GLA Comment Reference
B7: SI 1 - Improving Air Quality (relating only to air quality impacts of energy systems; separate air quality officer consultation required) | C7: Measures/design features to reduce exposure to air pollution | D7: Measures to minimise NOx emissions from energy systems | E7: N/A | F7: Compliant | G7: =IFERROR(#REF!,"")
B9: SI 2 - Minimising Greenhouse Gas Emissions (excluding SI-2-F- WLC; separate WLC consultation required) | C9: Be Lean emissions reduction | D9: Details of energy efficiency measures | E9: Received but items still outstanding | F9: Potential Compliance-Pending Information | G9: =IFERROR(A61,"")&","&IFERROR(A62,"") -> 3,4
D10: Alignment with Cooling and Overheating | E10: Received but items still outstanding | G10: =IFERROR(A65,"")&","&IFERROR(A66,"") -> 6,7
D11: Be Lean 10% and/or 15% reduction achieved | E11: Received but items still outstanding | G11: =IFERROR(A61,"")&","&IFERROR(A62,"") -> 3,4
D12: EUI and space heating demands provided | E12: Not yet received - applicant to submit and provide reference ---> | G12: =IFERROR(A78,"") -> 14
C13: Be Clean | D13: SI 3 - Energy Infrastructure data provided (see below) | E13: Received but items still outstanding | G13: =IFERROR(A68,"")&","&IFERROR(A69,"") -> 8,9
C14: Be Green Renewable generation maximisation | D14: Roof Layout detailing maximised PV proposal | E14: Received but items still outstanding | G14: =IFERROR(A71,"") -> 10
D15: PV array metrics provided | E15: Not yet received - applicant to submit and provide reference ---> | G15: =IFERROR(A71,"") -> 10
D16: Heat Pump arrangement confirmed | E16: N/A | G16: =IFERROR(A72,"") -> 11
C17: Total carbon reduction on-site | D17: Confirmation of carbon emission factors used | E17: Received; SAP 10.2 proposed and nothing further required
D18: GLA carbon emission reporting spreadsheet v2.0 | E18: Not yet received - applicant to submit and provide reference ---> | G18: =IFERROR(A59,"") -> 2
D19: Supporting Modelling Outputs (BRUKLs/DER Worksheets) | E19: Received but items still outstanding | G19: =IFERROR(A82,"") -> 17
D20: On-site minimum met | E20: Received but items still outstanding | G20: =IFERROR(A80,"") -> 15
C21: Carbon offset payment confirmed | D21: Draft S106 wording of carbon offset (from borough) | E21: Not yet received - applicant to submit and provide reference ---> | G21: =IFERROR(A81,"") -> 16
C22: Be Seen commitment provided | D22: Written confirmation/understanding of data requirements | E22: Not yet received - applicant to submit and provide reference ---> | G22: =IFERROR(A76,"") -> 13
D23: Confirmation of Planning Stage 1 submission | E23: Not yet received - applicant to submit and provide reference ---> | G23: =IFERROR(A76,"") -> 13
B25: SI 3 - Energy Infrastructure | C25: Aligned with heating hierarchy | D25: Applicant/Heat Network Stakeholder correspondence | E25: Received but items still outstanding | F25: Potential Compliance-Pending Information | G25: =IFERROR(A68,"") -> 8
D26: Heating system details provided | E26: Received but items still outstanding | G26: =IFERROR(A69,"") -> 9
C27: Acceptable Design | D27: Futureproofed DHN connection drawings | E27: Received but items still outstanding | G27: =IFERROR(A69,"") -> 9
D28: Site heat network drawings | E28: Not yet received - applicant to submit and provide reference ---> | G28: =IFERROR(A69,"") -> 9
D29: Details of management measures proposed | E29: Not yet received - applicant to submit and provide reference ---> | G29: =IFERROR(A63,"") -> 5
B31: SI 4 - Managing Heat Risk | C31: Aligned with cooling hierarchy | D31: Completed GHA overheating tool | E31: Not yet received - applicant to submit and provide reference ---> | F31: Potential Compliance-Pending Information | G31: =IFERROR(A83,"") -> 18
D32: CIBSE dynamic overheating analysis | E32: Received but items still outstanding | G32: =IFERROR(A65,"")&","&IFERROR(A66,"") -> 6,7
D33: Confirmation that cooling criteria have been met | E33: Received but items still outstanding | G33: =IFERROR(A66,"") -> 7
B35: Application Metrics | C35: Outline Value (if applicable) | D35: Detailed Stage 1 Value | E35: Detailed Final Value
B36: Domestic carbon emissions | D36: ='CO2 performance'!D11 -> 0.8
B37: Non-domestic carbon emissions | D37: ='CO2 performance'!D21 -> 0.03655914
B38: Carbon offset payment amount | D38: 168211
B39: kWp renewable generation capacity
B40: kWh annual renewable energy generation
B41: Sqm of proposed PV array
B42: Calculated SCOP of heat pumps | D42: N/A
B43: Heat fraction provided by heat pumps | D43: 95% (waste heat)
B44: Flow/Return temperatures proposed | D44: 60/35°C
B45: Distribution loss assumption
B46: Energy Use Intensity
B47: Space Heating Demand
B48: Whole Life Carbon Assessment | D48: Received and Under Separate Consultation
B49: Innovative Features
A51: Detailed Comments - Applicant MUST provide detailed responses to the below items
A52: Comment No. | B52: GLA Stage I | C52: Applicant's Stage I response | D52: GLA Post Stage I response | E52: Applicant's Post Stage I response
B53: =CONCATENATE("Date: ",TEXT('Case details'!B7,"dd/mm/yy")) -> Date: 12/09/23 | C53: Date: | D53: Date: | E53: Date:
A54: Documents to be secured
B55: =CONCATENATE('Case details'!B15," (",TEXT('Case details'!B16,"dd/mm/yyyy"),")") -> Energy Strategy Addendum (02/08/2023)
A56: General compliance comments
A58: 1 | B58: The energy strategy could be compliant with the London Plan 2021 policies however, the applicant is required to submit the additional information to demonstrate policy compliance which has been requested below. The applicant's response to GLA's energy comments should be provided directly within this Energy Memo. Any wider supporting material submitted should be referenced within the applicant's memo response. | C58: Noted. A revised energy statement has been issued (October 2023, revision P05)
A59: =COUNTIFS($B$58:B59,"<>") -> 2 | B59: The applicant should submit the GLA’s Carbon Emission Reporting spreadsheet in excel format. The applicant should ensure that all tabs are completed as per methodology on Introduction tab. | C59: Noted. The spreadsheet has been issued with the above report.
A60: Be Lean
A61: =COUNTIFS($B$58:B61,"<>") -> 3 | B61: Based on the information provided, the domestic element of the proposed development is estimated to achieve a reduction of 16.1 tonnes per annum (23%) in regulated CO2 emissions compared to a 2021 Building Regulations compliant development. The supporting TER and DER worksheets for all sample units should be provided. The applicant proposes a thermal bridging y-value of 0.01W/m2K. Within the modelling of the thermal bridging there are several values that have 0 psi. The applicant should confirm if this is due to the curtain walling and demonstrate that these have been included in the unitised curtain wall system U-Value calculation. | C61: SAP worksheets were provided in the Appendix. Confirmed, this is due to curtain walling. Linear thermal loses between all the curtain wall elements were included in the facade calculations. The Energy Statement has been updated demonstrating that these were considered. Further to this, a summarising table of how the thermal bridges were considered, how they have been modelled in SAP and their psi-values has been provided in the report.
A62: =COUNTIFS($B$58:B62,"<>") -> 4 | B62: Based on the information provided, the non-domestic element of the proposed development is estimated to achieve a reduction of 2.8 tonnes per annum (6%) in regulated CO2 emissions compared to a 2021 Building Regulations compliant development. The applicant should provide the BRUKL output documents as these could not be located within the submission folder. The applicant should note that the London Plan includes a target of a minimum 15% improvement on 2021 Building Regulations from energy efficiency which applicants should target. The applicant should therefore consider modelling additional energy efficiency measures to meet the EE target. | C62: BRUKLs are included with Energy Statement Revision P05 issue. Energy demand is excessively dominated by domestic hot water demand. Waste Water Heat Recovery would be an ideal design solution, but the DSM methodology does not account for this. An alternate approach has been proposed but will need to be signed off and agreed with the Buidling Control officer.
A63: =COUNTIFS($B$58:B63,"<>") -> 5 | B63: The applicant should consider and minimise the estimated energy costs to occupants and outline how they are committed to protecting the consumer from high prices. This should cover the parameters set out in the guidance and include a confirmation of the quality assurance mechanisms that will be considered as part of the strategy. See GLA Energy Assessment Guidance June 2022 paragraphs 7.16-7.19 for further details. | C63: Correspondance from Energetik: All our tariff charges are updated annually in accordance with inflation, and guaranteed by our contract with the end user. Our Availability charge is updated according to changes in the Consumer Price Index (CPI). Our Unit Charge for heat is updated according to changes in the retail gas component of CPI. Our charges change by CPI for the Availability Charge and the gas component of CPI for the Unit Charge each year on 1st April. However, there has been an unprecedented rise in the gas component of CPI over the last 2 years. For the last two years Energetik has applied a ‘price discount’ to its Unit Charge to help protect its customers from the highly volatile energy prices. This has ensured that we remain below the price of gas.
A64: Overheating
A65: =COUNTIFS($B$58:B65,"<>") -> 6 | B65: The results of the Dynamic Overheating Analysis, using the CIBSE TM59 methodology, demonstrate that all sample units comply with DSY1 assuming a g-value of 0.4-0.5 and mechanical cooling. The applicant has provided a scenario with windows unrestricted that demonstrates compliance with DSY1. The applicant should confirm the ventilation strategy and opening areas assumed for this scenario. The applicant has then suggested the use of active cooling throughout the residential part. - Any cooling provision (both cooling capacity and number of units provided with cooling) should be minimised. - The applicant should quantify the number of units that will require cooling and the expected cooling load associated. - They should clarify whether all facades will be affected by noise restrictions or there are some that are passing (such as living rooms on the sample units provided. - They should consider lower energy intensive active methods such as trim cooling peak lopping. - The applicant should provide details on the set point and control strategy, to ensure that the system will not be used for comfort cooling. The applicant has confirmed that the overheating assessment has taken account all the requirements and limits set out in Approved Document O. The applicant should also investigate the risk of overheating using the DSY 2 & 3 weather files. | C65: The apartments, when analysed with an unconstrained facade, comply with TM59 overheating requirements. Acoustics requirements, due to noisy crowds on event days, mean that windows would need to be closed. Consequently, during an event, the apartments may overheat and comfort cooling becomes necessary. Nonetheless, in order for the scheme to remain commercially viable, an apartment that can be operate passively but with the option of comfort cooling is more desirable. Cooling provision has been minimised through building orientation (SE-NW aligned building) and modest glazing ratios (comparable to the Notional Building). The acoustician has confirmed that all facades will be affected by noise restrictions. Trim cooling peak lopping is not feasible to achieve the cooling required as a result of the acoustics restrictions. The acoustician's report confirms that all facades will be affected by noise restrictions on bedrooms and hotel rooms. Details on the control strategy will be provided at Schematic and Detail Design, it is not normal to define this level of Detail at Concept Design. DSY 2 and DSY 3 weather files have been run on the unconstrained facade with results presented in the revised version of the energy strategy (revision P05) in table 11-2. Future mitigation has been considered.
A66: =COUNTIFS($B$58:B66,"<>") -> 7 | B66: For the non-domestic mechanically controlled areas, provide the area weighted average (MJ/m2) and - total (MJ/year) cooling demand for the actual and notional building and - the applicant should demonstrate that the actual building’s cooling demand is lower than the notional. - The applicant is encouraged to submit a Dynamic Overheating Analysis to assess the overheating risk on any hotel rooms to mitigate overheating passively. This should follow the CIBSE TM52 methodology for the London Design Summer Year 1 (DSY1) weather file: 2020s, High emission, 50% percentile scenario. The applicant is also encouraged to also investigate the risk of overheating using the DSY 2 & 3 weather files. | C66: The feasibility determines that the Hotel needs to be in operation by 2028 for the European Championships, therefore a faster method of construction is required to achieve this (i.e. a curtain walling system). However, curtain walling has a limited thermal performance. Consequently, the g-value has had to be increased to ensure the U-value (as required by Part L1 FEE) can be practically achieved. However, in order to achieve acceptable aesthetics, the g-value needs to remain constant with building height across both the residential demise and the commercial hotel. So a reduced g-value can only be applied on the commercial hotel to the secondary facade typology (the folded blades). This design move has been implemented in the updated Energy Strategy so the Actual Building cooling demand is no worse than the Notional Building. The risk of overheating using the DSY 2 and 3 weather files has been presented in the revised Energy Statement (P05) CIBSE TM52 is a natural ventilation methodology and therefore not applicable to buildings that have comfort cooling. Passive design measures have proven to limit the comfort cooling requirement given the Actual Cooling demand is no worse than the Notional.
A67: Be Clean
A68: =COUNTIFS($B$58:B68,"<>") -> 8 | B68: The applicant has identified the Proposed Energetik district heating network within the vicinity of the development and is proposing to connect to the network. They have suggested that they have been engaging to discussions with Energetik since 2019 and the latest telephone conversation suggested that the DEN will be available on the heat on date of the development. The table shows that there is a connection and supply agreement for the residential and non-residential part. This should be provided. Connection to the network should continue to be prioritised and further evidence of active two-way correspondence with the network operator should be provided. This must include for completeness the following: confirmation or otherwise from the network operator that the network has the capacity to serve the new development, together with supporting estimates of the CO2 emission factor, installation cost and timescales for connection. This connection is to be secured through a suitable condition or legal wording. The applicant should not that only technical feasibility should be included in the condition. The applicant should be conditioned to connect to the Proposed Energetik District Heating network and are required to continue discussions with Energetik to progress this connection. A draft connection agreement should be provided to the local authority prior to commencement of works onsite to demonstrate that a connection will be established by the developments heat on date. | C68: The table provided in the Energy Statement was a summary of the discussions and engagement with Energetik since 2019, the reference in question was to highlight the subject of discussion, it was not intended to report that a DEN supply agreement had been formalised. For clarity, there is no formal agreement as yet. We have updated the Energy Statement with further detail of a more recent email exchange with Energetik that help to answer your questions on capacity/timescales/emissions factor and details on installation cost. The applicant acknowledges that the existing permission already contains DEN connection planning obligations, which remain extant and which they still intend to comply with. The existing connection obligations in s106 are subject to both technical and financial feasibility. Please note that technically work on site has already started, with the foundations and part of the basement already built. That said, the client is in the process of appointing a specialist to help step up negotiations with Energetik, it is the intention to have some form of agreement in place prior to April 2024, the proposed restarting of works onsite. Further evidence has been included in the Appendix of the revised energy strategy. We have recently been notified that the carbon factor of the DEN is 0.022 kgCO2/kWh, slightly worse than what was previously stated. This does not significantly affect the results as the Notional Building uses the same Carbon Factor. ENERGETIK : Fundamentally the BRE design note and SAP means that Energetik’s carbon calculation are based on displaced electricity, meaning that as electricity decarbonises so does the heat from an EfW plant. So heat networks connected to an EfW facility now use this same method without needing to calculate their own carbon factor based on the following BRE statement in the attached. We believe that we will exceed 97% of our heat from the EfW, but we accept the BRE technical note’s assessment that each year 97% heat is derived from the EfW, and 3% from gas boilers. EfW carbon factor [kgCO2/kWh] of (0.136/10 * 0.97) = 0.013192, and Back up boiler carbon factor [kgCO2/kWh] of (0.210/0.85 * 0.03) = 0.007412 So Carbon factor for EfW [kgCO2/kWh] is 0.013192 + 0.007412 = 0.0206 kgCO2/kWh. Then we have around a 7% heat loss from the EfW to our energy centre to the boundary of your development, so 0.022 kgCO2/kWh at the development boundary.
A69: =COUNTIFS($B$58:B69,"<>") -> 9 | B69: The applicant is proposing a communal heat network supplied by a centralised energy center. It should be confirmed that all apartments and non-domestic building uses will be connected to the heat network. A drawing/schematic showing the route of the heat network linking all buildings/uses on the site has been provided alongside a drawing indicating the floor area, internal layout and location of the energy center. The applicant has provided a commitment that the development is designed to allow future connection to a district heating network. This should include a single point of connection to the district heating network. This requirement is to be secured through a suitable condition or legal wording. A drawing has been provided demonstrating space for heat exchangers in the energy center/centers, and a safe-guarded pipe route to the site boundary. Since there is a very strong opportunity to connect, a further more detailed drawing should be provided demonstrating the equipment and space allowance that will be made in consultation with Energetik. | C69: A more detail drawing has been provided in the updated Energy Statement (revision P05 dated 20/10/23) showing the anticipated plant and associated layout.
A70: Be Green
A71: =COUNTIFS($B$58:B71,"<>") -> 10 | B71: The applicant is proposing to install PV panels. The applicant should - provide the capacity (kWp), total net area (m2) and annual output (kWh) of the proposed PV array. A roof layout has been provided, however, it appears that there might be additional space for PV as lower roof areas have not been provided and the stairs overrun. The applicant should reconsider the PV provision and they should - provide a detailed roof layout demonstrating that the roof’s potential for a PV installation has been maximised and - clearly outlining any constraints to the provision of further PV, such as plant space or solar insolation levels. The applicant is expected to situate PV on any green/brown roof areas using bio solar arrangement and should - indicate how PV can be integrated with any amenity areas. The on-site savings from renewable energy technologies should be maximised regardless of the London Plan targets having been met. | C71: The updated Energy Strategy contains this information within Appendix E. The PV area is 90 sqm. As shown in the development information tab of the GLA carbon emissions reporting spreadsheet, the peak power output is kWp = 17.31 kW, total net PV area is modelled as 76.5 m2 and the annual output, as calculated in the BRUKL, is 13,064 kWh/year. Changes to the roof plans and elevations have recently been agreed with LBH following the QRP. An updated rooftop PV layout has been provided in the revised Energy Statement, but the area is approximately the same as before. The additional PV has been shown on a roof diagram in the updated Energy report p05. Consideration for PV in other locations has been extensively reviewed but dismissed on the following grounds: Vertical PV on SE and NW facades results in unacceptable embodied carbon payback times due to inefficient generation; PV mounted on brise soleil is unacceptable for fire risk; PV mounted above plant is unacceptable for heat rejection; other flat roof availability is dedicated to amenity space.
A72: =COUNTIFS($B$58:B72,"<>") -> 11 | B72: As per comment 8 above connection to the proposed DHN should be prioritised. If the connection is not available the applicant should take into account the below. The applicant should propose one communal heat network supplied by one centralised energy center. Justification should be given in terms of WLC for any demands not served by centralised heat pumps. Should heat pumps be proposed, further information on the heat pumps should be provided including: a. An estimate of the heating and/or cooling energy (MWh/annum) the heat pumps would provide to the development and the percentage of contribution to the site’s heat loads. They should demonstrate how the heat fraction from heat pump technologies has been maximised. b. Details of the Seasonal Coefficient of Performance (SCOP) and/or Seasonal Energy Efficiency ratio (SEER) and how these have been calculated for the specific proposed system's operation. This should incorporate the expected heat source and heat distribution temperatures (for space heat and hot water)and the distribution loss factor, which should be calculated based on the above information and used for calculation purposes. | C72: If the DEN option becomes unviable then this information will be provided.
A73: Whole Life-Cycle Carbon Assessment
A74: =COUNTIFS($B$58:B74,"<>") -> 12 | B74: The applicant has submitted a WLC assessment which will be reviewed separately; comments will be provided. The WLC assessment should be presented separately in excel using the GLA's WLC assessment template and should follow the GLA WLC guidance. The template and guidance are available here: https://www.london.gov.uk/what-we-do/planning/implementing-london-plan/london-plan-guidance/whole-life-cycle-carbon-assessments-guidance. Applicants will also be conditioned to submit a post-construction assessment to report on the development’s actual WLC emissions. | C74: Noted. A revised version of the WLC spreadsheet has been provided in response to comments from the Haringey Officer and the Quality Review panel (minor changes include - quantity of demolition material, and more detail on the further reductions being considered).
A75: Be Seen Energy Monitoring
A76: =COUNTIFS($B$58:B76,"<>") -> 13 | B76: A commitment should be provided that the development will be designed to enable post construction monitoring and that the information set out in the ‘Be Seen’ guidance is submitted to the GLA’s portal at the appropriate reporting stages. This will be secured through suitable legal wording. The 'Be Seen' reporting spreadsheet has been developed to enable development teams to capture all data offline before this is submitted via the webform. Once the planning stage CO2 emissions have been agreed with GLA, the applicant should confirm that the planning stage data has been submitted to GLA. | C76: We can confirm that the webform will be submitted once the planning stage CO2 emissions have been agreed with the GLA.
A77: Energy Use Intensity and Space Heating Demand Reporting
A78: =COUNTIFS($B$58:B78,"<>") -> 14 | B78: EUI and space heating demands should be provided. The applicant should - confirm the methodology used for these calculations. - The applicant should provide commentary if the expected performance is higher than the reference values of Table 4 of GLA guidance. | C78: An EUI estimation has been provided in the updated GLA Energy Spreadsheet.
A79: Other points
A80: =COUNTIFS($B$58:B80,"<>") -> 15 | B80: The carbon dioxide savings of the non-domestic element fall short of the on-site target within the London Plan. The applicant should consider the scope for additional measures aimed at achieving further carbon reductions. | C80: The Part L2 analysis is significantly dominated by domestic hot water demand. This is out of our control (evidenced in the BRUKL report). A Waste Water Heat Recovery system has been considered but there is no official methodology for including this design feature within a Part L2 dynamic simulation. We have investigated accounting for WWHR using the Simplified Building Energy Method, but this would need approval from the Building Control Officer. If approval is granted, this design feature would improve the carbon savings by a further +10% over the Notional Building. There are no additional practical of feasible design interventions that we can apply to the building.
A81: =COUNTIFS($B$58:B81,"<>") -> 16 | B81: The applicant has confirmed the carbon shortfall in tonnes CO2 and the associated carbon offset payment that will be made to the borough. The draft s106 agreement should be submitted when available to evidence the carbon offset agreement with the borough. | C81: Noted
A82: =COUNTIFS($B$58:B82,"<>") -> 17 | B82: The applicant should provide the relevant modelling output sheets (i.e. TER, DER, BRUKL) for all the different stages of the energy hierarchy. | C82: BRUKLs are provided as separate files.
A83: =COUNTIFS($B$58:B83,"<>") -> 18 | B83: The applicant should complete and submit the Good Homes Alliance Early Stage Overheating Risk Tool. | C83: See Appendix D in the updated Energy Strategy report.
A86: Move resolved comments under this section
B135: Received; SAP 10.2 proposed and nothing further required
B136: Received; SAP 10 proposed and nothing further required
B137: Received; SAP 2012 proposed and nothing further required
B138: Received; SAP 10.2 proposed but items still outstanding
B139: Received; SAP 10 proposed but items still outstanding
B140: Received; SAP 2012 proposed but items still outstanding
B141: Not yet received - applicant to submit and provide reference --->
B142: N/A

Sheet CO2 performance
E1: Unhide Column F-I if Hybrid Application
A4: Domestic (detailed) | F4: Domestic (outline/detailed)
A5: =IF('Energy Comments'!E17='Energy Comments'!B137,"SAP 2012",IF('Energy Comments'!E17='Energy Comments'!B140,"SAP 2012",IF(OR('Energy Comments'!E17='Energy Comments'!B135,'Energy Comments'!B138='Energy Comments'!E17),"SAP 10.2","SAP 10"))) -> SAP 10.2 | B5: Total residual regulated CO2 emissions | C5: Regulated CO2 emissions reductions | F5: =A5 -> SAP 10.2 | G5: Total residual regulated CO2 emissions | H5: Regulated CO2 emissions reductions
B6: (tonnes per annum) | C6: (tonnes per annum) | D6: (per cent) | G6: (tonnes per annum) | H6: (tonnes per annum) | I6: (per cent)
A7: Baseline i.e. 2021 Building Regulations | B7: 71 | F7: Baseline i.e. 2013 Building Regulations
A8: Energy Efficiency | B8: 54.9 | C8: =B7-B8 -> 16.1 | D8: =C8/$B$7 -> 0.22676056 | F8: Energy Efficiency | H8: =G7-G8 -> 0 | I8: =H8/$G$7 -> #DIV/0!
A9: CHP | B9: 12.7 | C9: =B8-B9 -> 42.2 | D9: =C9/$B$7 -> 0.5943662 | F9: CHP | H9: =G8-G9 -> 0 | I9: =H9/$G$7 -> #DIV/0!
A10: Renewable energy | B10: 14.2 | C10: =B9-B10 -> -1.5 | D10: =C10/$B$7 -> -0.021126761 | F10: Renewable energy | H10: =G9-G10 -> 0 | I10: =H10/$G$7 -> #DIV/0!
A11: Total | C11: =SUM(C8:C10) -> 56.8 | D11: =C11/$B$7 -> 0.8 | F11: Total | H11: =SUM(H8:H10) -> 0 | I11: =H11/$G$7 -> #DIV/0!
A14: Non-domestic (detailed) | F14: Non-domestic (outline/detailed)
A15: =IF('Energy Comments'!E17='Energy Comments'!B137,"SAP 2012",IF('Energy Comments'!E17='Energy Comments'!B140,"SAP 2012",IF(OR('Energy Comments'!E17='Energy Comments'!B135,'Energy Comments'!B138='Energy Comments'!E17),"SAP 10.2","SAP 10"))) -> SAP 10.2 | B15: Total residual regulated CO2 emissions | C15: Regulated CO2 emissions reductions | F15: =A15 -> SAP 10.2 | G15: Total residual regulated CO2 emissions | H15: Regulated CO2 emissions reductions
B16: (tonnes per annum) | C16: (tonnes per annum) | D16: (per cent) | G16: (tonnes per annum) | H16: (tonnes per annum) | I16: (per cent)
A17: Baseline i.e. 2021 Building Regulations | B17: 46.5 | F17: Baseline i.e. 2013 Building Regulations
A18: Energy Efficiency | B18: 43.7 | C18: =B17-B18 -> 2.8 | D18: =C18/$B$17 -> 0.060215054 | F18: Energy Efficiency | H18: =G17-G18 -> 0 | I18: =H18/$H$17 -> #DIV/0!
A19: CHP | B19: 43.7 | C19: =B18-B19 -> 0 | D19: =C19/$B$17 -> 0 | F19: CHP | H19: =G18-G19 -> 0 | I19: =H19/$H$17 -> #DIV/0!
A20: Renewable energy | B20: 44.8 | C20: =B19-B20 -> -1.1 | D20: =C20/$B$17 -> -0.023655914 | F20: Renewable energy | H20: =G19-G20 -> 0 | I20: =H20/$H$17 -> #DIV/0!
A21: Total | C21: =SUM(C18:C20) -> 1.7 | D21: =C21/$B$17 -> 0.03655914 | F21: Total | H21: =SUM(H18:H20) -> 0 | I21: =H21/$H$17 -> #DIV/0!
A24: Carbon offsetting (detailed) | F24: Carbon offsetting (outline/detailed)
B25: Shortfall (tonnes per annum) | C25: Shortfall (£) | G25: Shortfall (tonnes per annum) | H25: Shortfall (£)
A26: Domestic | B26: =B10 -> 14.2 | C26: =B26*95*30 -> 40470 | F26: Domestic | G26: =G10 -> 0 | H26: =G26*95*30 -> 0
A27: Non-domestic | B27: =B20 -> 44.8 | C27: =B27*95*30 -> 127680 | F27: Non-domestic | G27: =G20 -> 0 | H27: =G27*95*30 -> 0
A28: Total | B28: =SUM(B26:B27) -> 59 | C28: =SUM(C26:C27) -> 168150 | F28: Total | G28: =SUM(G26:G27) -> 0 | H28: =SUM(H26:H27) -> 0
